 Dungeon Crawl Stone Soup version 0.30.1-11-g7821555f0a (webtiles) character file.

Game seed: 11679716803862372880

1430 bnorton916 the Conjurer (level 8, -1/41 HPs)
             Began as a Deep Elf Fire Elementalist on Nov 21, 2023.
             Was an Initiate of Vehumet.
             Killed from afar by Joseph (4 damage)
             ... with a puff of flame
             ... on level 7 of the Dungeon.
             The game lasted 00:10:48 (8085 turns).

bnorton916 the Conjurer (DEFE)                      Turns: 8085, Time: 00:10:49

Health: -1/41      AC:  8    Str:  3    XL:     8   Next: 44%
Magic:  16/26      EV: 13    Int: 23    God:    Vehumet [......]
Gold:   417        SH:  0    Dex: 17    Spells: 7/17 levels left

rFire   . . .        (no weapon)
rCold   . . .        (no shield)
rNeg    + + .        a - +0 robe
rPois   .            (no helmet)
rElec   .            p - +1 cloak
rCorr   .            (no gloves)
SInv    .            (no boots)
Will    .....        (no amulet)
Stlth   ++           s - ring of Makhleb's Inspiration {rN++ MP+9 AC+4 Str-2 Dex+2}
HPRegen 0.26/turn    m - ring of flight
MPRegen 0.20/turn

%: no passive effects
@: flying
A: no striking features
a: Renounce Religion


You were on level 7 of the Dungeon.
You worshipped Vehumet.
Vehumet was noncommittal.
You visited 2 branches of the dungeon, and saw 8 of its levels.

You collected 417 gold pieces.

Inventory:

Missiles
 t - 8 poisoned darts
 x - 2 throwing nets
Armour
 a - a +0 robe (worn)
 p - a +1 cloak (worn)
 u - a +2 buckler
 I - a scarf of resistance
Magical Staves
 D - a staff of poison
Jewellery
 d - a ring of fire
 m - a ring of flight (right hand)
 s - the ring of Makhleb's Inspiration (left hand) {rN++ MP+9 AC+4 Str-2 Dex+2}
   (You found it on level 3 of the Dungeon)

   [ring of protection]

   AC:        It affects your AC (+4).
   Str:       It affects your strength (-2).
   Dex:       It affects your dexterity (+2).
   rN:        It greatly protects you from negative energy.
   MP:        It affects your magic capacity (+9).
 F - a +4 ring of slaying
 G - a +5 ring of evasion
Wands
 o - a wand of roots (5)
 v - a wand of polymorph (6)
 E - a wand of flame (26)
Scrolls
 f - 7 scrolls of teleportation {unknown}
 g - a scroll of enchant armour
 i - a scroll of immolation {unknown}
 l - 2 scrolls of amnesia {unknown}
 n - 8 scrolls of identify {unknown}
 q - 3 scrolls of blinking {unknown}
 y - a scroll of magic mapping {unknown}
 H - a scroll of noise {unknown}
Potions
 b - a potion of magic
 c - 8 potions of curing {unknown}
 e - 4 potions of heal wounds {unknown}
 h - 3 potions of mutation {unknown}
 j - 2 potions of resistance {unknown}
 k - 3 potions of ambrosia {unknown}
 r - 2 potions of haste {unknown}
 w - a potion of berserk rage {unknown}
 z - 2 potions of flight {unknown}
 A - 3 potions of attraction {unknown}
 B - a potion of might {unknown}
 C - a potion of degeneration {unknown}


   Skills:
 - Level 2.4 Dodging
 - Level 2.4 Stealth
 - Level 5.2 Spellcasting
 + Level 7.2 Conjurations
 - Level 4.8 Fire Magic
 + Level 7.0 Poison Magic


You had 7 spell levels left.
You knew the following spells:

 Your Spells              Type           Power      Damage    Failure   Level
a - Foxfire               Conj/Fire      100%       2x1d9     1%          1
b - Scorch                Fire           56%        2d7       1%          2
c - Sting                 Tmut/Pois      88%        1d7       2%          1
d - Poisonous Vapours     Pois/Air       44%        N/A       3%          2
e - Olgreb's Toxic Radia  Pois           38%        N/A       4%          4

Your spell library contained the following spells:

 Spells                   Type           Power      Damage    Failure   Level
 Shock                    Conj/Air       88%        1d8       1%          1
 Spider Form              Tmut/Pois      22%        N/A       6%          3
 Flame Wave               Conj/Fire      34%        2d10      8%          4
 Inner Flame              Hex/Fire       17%        N/A       10%         3
 Volatile Blastmotes      Fire/Tloc      34%        2d12      10%         3
 Swiftness                Air            6%         N/A       28%         3
 Alistair's Intoxication  Tmut/Pois      14%        N/A       52%         5
 Airstrike                Air            3%         2d(1-17)  67%         4
 Dragon Form              Tmut           3%         N/A       100%        7


Dungeon Overview and Level Annotations

Branches:
Dungeon (7/15)             Temple (1/1) D:5

Altars:
Ashenzari
Cheibriados
Dithmenos
Elyvilon
Gozag
Hepliaklqana
Kikubaaqudgha
Makhleb
Nemelex Xobeh
Okawaru
Qazlal
Ru
Sif Muna
Trog
Uskayaw
Vehumet
Wu Jian
Xom
Yredelemnul
The Shining One

Annotations:
D:7 Joseph


Message History

A gnoll comes into view. It is wielding a +0 whip.
A gnoll is nearby!
Joseph, a Mercenary comes into view.
He is wielding a +0 quarterstaff and carrying a wand of flame (14).
Unknown command.
Casting: Olgreb's Toxic Radiance (dangerous; 4% risk of failure)
Confirm with . or Enter, or press ? or * to list all spells.
You begin to radiate toxic energy.
Joseph shouts!
Joseph is poisoned.
Joseph looks even sicker.
Casting: Olgreb's Toxic Radiance (dangerous; 4% risk of failure)
Confirm with . or Enter, or press ? or * to list all spells.
Your toxic radiance grows in intensity.
Joseph looks even sicker.
Unknown command.
Unknown command.
Joseph zaps a wand.
The puff of flame hits you!
Joseph looks as sick as possible!
Your toxic aura wanes.
Joseph unwields a +0 quarterstaff.
Joseph wields a +0 sling.
Joseph shoots a sling bullet.
The sling bullet hits you!
Casting: Olgreb's Toxic Radiance (dangerous; 4% risk of failure)
Confirm with . or Enter, or press ? or * to list all spells.
Aiming: Poisonous Vapours (safe; 3% risk of failure)
Press: ? - help, Dir - move target, f - Joseph
Aim: Joseph, wielding a +0 sling, wearing a +0 ring mail and carrying a wand of flame (13) (moderately wounded, extremely poisoned) Poisonous vapours surround Joseph!
Joseph looks as sick as possible!
Unknown command.
Unknown command.
Unknown command.
Unknown command.
Casting: Poisonous Vapours (safe; 3% risk of failure)
Confirm with . or Enter, or press ? or * to list all spells.
Flames lash Joseph.
Joseph is heavily wounded.
Joseph's fire resistance burns away.
Joseph zaps a wand.
The puff of flame hits you!
Joseph shoots a sling bullet.
The sling bullet hits you!
* * * LOW HITPOINT WARNING * * *
Unknown command.
Joseph zaps a wand.
The puff of flame hits you.
You die...

.....##..#
###...........
.### #..##
##........##
##..# #.##.....#
##.##
#..####..## #..#
#.## #.# #..##
..# ..# ##...#
#.# #.#
#....##..# .
###..@...@#
#......###......
.......### .....
#.....## ####
#.#### #.


You could see Joseph (very poisoned, combustible).

Vanquished Creatures
  Sigmund (D:3)
  A wyvern (D:7)
  A sky beast (D:6)
  3 ogres
  A phantom (D:5)
  A centaur (D:7)
  A bullfrog (D:6)
  A scorpion (D:6)
  5 hounds
  Crazy Yiuf (D:2)
  A jelly (D:7)
  A gnoll bouda (D:6)
  2 iguanas
  2 sleepcaps
  3 gnolls (D:6)
  4 adders
  An ufetubus (D:6)
  2 worms (D:2)
  A dart slug (D:5)
  6 orcs
  8 ball pythons
  2 bats
  6 endoplasms
  3 giant cockroaches
  9 goblins
  10 hobgoblins
  5 jackals
  7 kobolds
  2 quokkas
  3 frilled lizards
  8 rats
102 creatures vanquished.

Vanquished Creatures (others)
  413 foxfires
413 creatures vanquished.

Grand Total: 515 creatures vanquished

Notes
Turn   | Place    | Note
-------+----------+-------------------------------------------
     0 | D:1      | bnorton916 the Deep Elf Fire Elementalist began the quest
                  | for the Orb.
     0 | D:1      | Reached XP level 1. HP: 10/10 MP: 6/6
   186 | D:1      | Learned a level 1 spell: Sting
   331 | D:1      | Reached XP level 2. HP: 15/15 MP: 5/8
  1035 | D:1      | Got the Anthology of the Gift and Configuration
  1259 | D:1      | Reached skill level 1 in Poison Magic
  1526 | D:2      | Reached XP level 3. HP: 19/19 MP: 3/10
  2222 | D:2      | Reached XP level 4. HP: 24/24 MP: 9/12
  2356 | D:2      | Noticed an ogre
  2368 | D:2      | Learned a level 2 spell: Scorch
  2371 | D:2      | Learned a level 2 spell: Poisonous Vapours
  2469 | D:2      | Killed an ogre
  2470 | D:2      | Reached XP level 5. HP: 28/28 MP: 2/13
  2577 | D:2      | Found a runed translucent door.
  2578 | D:2      | Noticed Crazy Yiuf
  2621 | D:2      | Killed Crazy Yiuf
  2930 | D:3      | Noticed Sigmund
  2945 | D:3      | Killed Sigmund
  2946 | D:3      | Reached skill level 5 in Spellcasting
  2946 | D:3      | Reached XP level 6. HP: 25/32 MP: 4/15
  3202 | D:3      | Identified the ring of Makhleb's Inspiration {rN++ MP+9
                  | AC+4 Str-2 Dex+2}
  3559 | D:3      | Found a hazy altar of Hepliaklqana.
  3559 | D:3      | Found a basalt altar of Yredelemnul.
  3572 | D:3      | You are sucked into a shaft and drop 1 floor!
  4139 | D:4      | Learned a level 4 spell: Olgreb's Toxic Radiance
  4930 | D:5      | Entered Level 5 of the Dungeon
  5107 | D:5      | Reached XP level 7. HP: 32/36 MP: 16/16
  5721 | D:5      | Reached skill level 5 in Conjurations
  5758 | D:5      | Found a broken altar of Ashenzari.
  5801 | D:5      | Found a staircase to the Ecumenical Temple.
  5864 | Temple   | Entered the Ecumenical Temple
  5976 | Temple   | Became a worshipper of Vehumet
  6135 | D:5      | Reached skill level 5 in Poison Magic
  6195 | D:5      | Found a sacrificial altar of Ru.
  6258 | D:5      | Found an opulent altar of Gozag.
  6588 | D:6      | Found a bloodstained altar of Trog.
  7082 | D:6      | Reached XP level 8. HP: 41/41 MP: 17/17
  7486 | D:6      | Found a stormy altar of Qazlal.
  7884 | D:7      | Found a sparkling altar of Nemelex Xobeh.
  8073 | D:7      | Noticed Joseph
  8085 | D:7      | Killed from afar by Joseph

Illustrated notes

Levels and vault maps discovered:
D:1:      dpeg_arrival_tiny_a, layout_loops_ring
D:2:      layout_rooms, uniq_crazy_yiuf_cottage
D:3:      layout_basic, gammafunk_temple_overflow_elements,
          chequers_decorated_corner, uniq_sigmund
D:4:      layout_gridville, minmay_misc_feat_alley
D:5:      layout_cave_pools, nicolae_gozag_seed_capital,
          mainiacjoe_overflow_alcove_4, mainiacjoe_overflow_cross_hatched,
          minmay_temple_entry_enclosed_plants
D:6:      layout_basic, nicolae_qazlal_scattered_showers, bloody_trog,
          nicolae_underground_beach
D:7:      layout_layer_cave, kennysheep_mini, nemelex_xobeh_ov_fountains_minmay,
          serial_shops, kennysheep_mini_moat, kennysheep_generic_room_3,
          uniq_maggie, uniq_joseph
Temple:   nicolae_temple_godzebo

Skill      XL: |  1  2  3  4  5  6  7  8 |
---------------+-------------------------+-----
Poison Magic   | 1 2 3 4 5 7 |  7.0
Conjurations   | 2 3 4 6 7 |  7.2
Spellcasting   | 4 5 |  5.2
Fire Magic     | 4 |  4.8
Dodging        | |  2.4
Stealth        | |  2.4

Action                     |  1- 3 |  4- 6 |  7- 9 || total
---------------------------+-------+-------+-------++-------
   Cast: Foxfire           |   103 |    77 |    64 ||   244
         Sting             |    17 |     3 |       ||    20
         Poisonous Vapours |       |    10 |     6 ||    16
         Scorch            |       |     9 |    25 ||    34
         Olgreb's Toxic Ra |       |       |     5 ||     5
    Use: Scroll            |       |       |     1 ||     1
 Armour: Robe              |     3 |     6 |    21 ||    30
  Dodge: Dodged            |     8 |    13 |    33 ||    54
